 Dungeon Crawl Stone Soup version 0.19-a0-867-g949743d (webtiles) character file.

28 4thArraOfDagon the Charmwright (level 3, 4/27 HPs)
             Began as a Mummy Skald on July 3, 2016.
             Quit the game on level 2 of the Dungeon.
             The game lasted 00:01:49 (393 turns).

4thArraOfDagon the Charmwright (Mummy Skald)         Turns: 393, Time: 00:01:50

Health: 4/27       AC:  3    Str: 15    XL:     3   Next: 0%
Magic:  3/6        EV: 11    Int: 12    God:
Gold:   0          SH:  0    Dex: 11    Spells: 1 memorised, 5 levels left

rFire  x . .     SeeInvis .     a - +0 spear
rCold  + . .     Gourm    .     b - +0 leather armour
rNeg   + + +     Faith    .     (no shield)
rPois  ∞         Spirit   .     (no helmet)
rElec  .         Dismiss  .     (no cloak)
rCorr  .         Reflect  .     (no gloves)
SustAt .         Harm     .     (no boots)
MR     .....                    d - amulet of inaccuracy (curse)
Stlth  +.........               (no ring)
                                (no ring)

@: infused (expiring), not resistant to hostile enchantments, very unstealthy
A: no food or potions, fire vulnerability, cold resistance 1, negative energy
resistance 3, torment resistance, unbreathing
a: no special abilities


You were on level 2 of the Dungeon.
You were not hungry.

You visited 1 branch of the dungeon, and saw 2 of its levels.

Inventory:

Hand Weapons
 a - a +0 spear (weapon)
Armour
 b - a +0 leather armour (worn)
Jewellery
 d - a cursed amulet of inaccuracy (around neck)
Scrolls
 e - a scroll of identify
Books
 c - a book of Battle

   Spells                             Type                      Level
   a - Infusion                       Charms                       1
   b - Shroud of Golubria             Charms/Translocation         2
   c - Song of Slaying                Charms                       2
   d - Spectral Weapon                Hexes/Charms                 3
   e - Regeneration                   Charms/Necromancy            3


   Skills:
 - Level 2.0 Fighting
 * Level 2.1 Polearms
 + Level 1.3 Armour
 + Level 1.4 Dodging
 - Level 2.0 Spellcasting
 - Level 2.4 Charms


You had 5 spell levels left.
You knew the following spells:

 Your Spells              Type           Power        Failure   Level  Hunger
a - Infusion              Chrm           #...         14%         1    N/A

Dungeon Overview and Level Annotations

Branches:
Dungeon (2/15)

Altars:


Innate Abilities, Weirdness & Mutations

You do not eat or drink.
Your flesh is vulnerable to fire.
You are immune to poison.
Your flesh is cold resistant. (rC+)
You are immune to negative energy. (rN+++)
You are immune to unholy pain and torment.
You can survive without breathing.


Message History

Unknown command.
Found a slice of pizza.
Unknown command.
The adder bites you but does no damage.
Casting: Infusion
Confirm with . or Enter, or press ? or * to list all spells.
You begin infusing your attacks with magical energy.
The adder bites you.
You miss the adder. The adder bites you.
You barely miss the adder. The adder bites you. The adder closely misses you.
You barely miss the adder. The adder bites you.
You miss the adder. The adder closely misses you.
You completely miss the adder. The adder bites you.
* * * LOW HITPOINT WARNING * * *
The adder bites you.
* * * LOW HITPOINT WARNING * * *
You barely miss the adder.
Your magical infusion is running out.
The adder barely misses you.
Are you sure you want to abandon this character and quit the game? (Confirm with "yes".)

...... ###..#.# ).#....
# ..... ########.
#.###.?.# #........
.......###>#@# #
#......S.#S# ##.## #...#
#w#..>..#
#...######........
#............##...
######.)..####........
##..............#.......
)..........†....$.#....%
##.....!........#.......


You could see a worm and an adder.

Vanquished Creatures
  An ooze (D:1)
  2 dart slugs (D:1)
  A giant gecko (D:1)
  3 goblins
  3 hobgoblins
  6 bats
  A giant newt (D:1)
  3 rats (D:1)
20 creatures vanquished.

Notes
Turn   | Place    | Note
-------+----------+-------------------------------------------
     0 | D:1      | 4thArraOfDagon the Mummy Skald began the quest for the Orb.
     0 | D:1      | Reached XP level 1. HP: 16/16 MP: 3/3
    87 | D:1      | Reached skill level 1 in Armour
    89 | D:1      | Reached skill level 1 in Dodging
   128 | D:1      | Reached XP level 2. HP: 17/22 MP: 0/5
   370 | D:2      | Reached XP level 3. HP: 17/27 MP: 2/6
   393 | D:2      | Quit the game

Vault maps used:
D:1:      moated_graveyard_arrival
D:2:      tgw_trog

Skill      XL: |  1  2 |
---------------+-------+-----
Armour         | 1 |  1.3
Dodging        | 1 |  1.4
Polearms       | 2 |  2.1
Fighting       | |  2.0
Spellcasting   | |  2.0
Charms         | |  2.4

Action                   || total
-------------------------++-------
Melee: Spear             ||    88
 Cast: Infusion          ||     9
  Use: Scroll            ||     1
Armor: Leather armour    ||    29
Dodge: Dodged            ||    54
